 Dungeon Crawl Stone Soup version 0.24.0-35-gdb84b6a5db (webtiles) character file.

Game seed: 11619862207015580247, levelgen mode: deterministic

34 FishyPogo the Fighter (level 3, 0/38 HPs)
             Began as a Gnoll Wanderer on Nov 17, 2019.
             Was an Initiate of Ru.
             Slain by a gnoll
             ... wielding a +0 spear
              (10 damage)
             ... on level 2 of the Dungeon.
             The game lasted 00:02:12 (710 turns).

FishyPogo the Fighter (Gnoll Wanderer)               Turns: 710, Time: 00:02:12

Health: 0/38       AC:  2    Str: 14    XL:     3   Next: 31%
Magic:  4/4        EV: 13    Int: 15    God:    Ru [......]
Gold:   55         SH:  0    Dex: 14    Spells: 3/3 levels left

rFire    . . .     SeeInvis .   a - +2 quarterstaff
rCold    . . .     Gourm    .   (shield currently unavailable)
rNeg     . . .     Faith    .   c - +0 robe
rPois    .         Spirit   .   (no helmet)
rElec    .         Reflect  .   (no cloak)
rCorr    .         Harm     .   (no gloves)
MR       .....                  (no boots)
Stlth    +++.......             (no amulet)
HPRegen  0.12/turn              (no ring)
MPRegen  0.09/turn              (no ring)

@: no status effects
A: distributed training, fangs 1, strong nose
a: Renounce Religion


You were on level 2 of the Dungeon.
You worshipped Ru.
Ru was noncommittal.
You were not hungry.

You visited 1 branch of the dungeon, and saw 2 of its levels.

You collected 55 gold pieces.

Inventory:

Hand Weapons
 a - a +2 quarterstaff (weapon)
Missiles
 d - 23 stones (quivered)
Armour
 c - a +0 robe (worn)
Scrolls
 b - 2 scrolls of teleportation
 h - a scroll of remove curse {unknown}
 i - a scroll of identify {unknown}
Potions
 e - 2 potions of curing {unknown}
Comestibles
 f - 2 rations


   Skills:
 + Level 8.5 Fighting
 + Level 0.7 Short Blades
 + Level 0.7 Long Blades
 + Level 0.7 Axes
 + Level 0.7 Maces & Flails
 + Level 0.7 Polearms
 + Level 4.5 Staves
 + Level 0.7 Slings
 + Level 0.7 Bows
 + Level 0.7 Crossbows
 + Level 2.6 Throwing
 + Level 0.7 Armour
 + Level 2.6 Dodging
 + Level 4.1 Stealth
 + Level 0.7 Shields
 + Level 0.7 Unarmed Combat
 + Level 0.7 Spellcasting
 + Level 0.5 Conjurations
 + Level 0.5 Hexes
 + Level 0.5 Charms
 + Level 0.5 Summonings
 + Level 0.5 Necromancy
 + Level 0.5 Translocations
 + Level 0.5 Transmutations
 + Level 0.5 Fire Magic
 + Level 0.5 Ice Magic
 + Level 0.5 Air Magic
 + Level 0.5 Earth Magic
 + Level 0.5 Poison Magic
 + Level 0.9 Invocations
 + Level 0.7 Evocations


You had 3 spell levels left.
You didn't know any spells.
Your spell library was empty.

Dungeon Overview and Level Annotations

Branches:
Dungeon (2/15)

Altars:
Gozag
Ru


Innate Abilities, Weirdness & Mutations

Your experience applies equally to all skills.
You have very sharp teeth.
Your uncanny sense of smell can sniff out nearby items.


Message History

You sock the gnoll!
The gnoll is almost dead.
The gnoll barely misses you. The kobold hits you. The gnoll misses you.
You closely miss the gnoll.
The gnoll is almost dead.
The gnoll misses you.
The gnoll hits you from afar with a +0 spear.
The kobold barely misses you. The gnoll closely misses you.
You hit the gnoll but do no damage.
The gnoll is almost dead.
The gnoll hits you with a +0 spear. The kobold hits you but does no damage.
The gnoll hits you from afar with a +0 spear.
* * * LOW HITPOINT WARNING * * *
The gnoll barely misses you.
Unknown command.
You barely miss the gnoll.
The gnoll is almost dead.
The gnoll misses you. The kobold barely misses you.
The gnoll hits you from afar with a +0 spear!
You die...

## #.. #.## #.
##..######..
#..................
###.._$..............
#=...8...w...........
#.gK...............
#.@.g.............
##.g..........(..##
#.........##.##...
#.........##.#.<..
###.##..####....##
#<.#...###.....#
##.?.#.......#..
#.......)(##.###
#.####...†....#


You could see 3 gnolls, a dart slug and a kobold.

Vanquished Creatures
  An ooze (D:1)
  3 dart slugs (D:1)
  A leopard gecko (D:1)
  3 giant cockroaches
  A goblin (D:1)
  2 hobgoblins
  2 jackals (D:1)
  3 kobolds (D:1)
  2 bats (D:1)
  3 rats (D:1)
21 creatures vanquished.

Notes
Turn   | Place    | Note
-------+----------+-------------------------------------------
     0 | D:1      | FishyPogo the Gnoll Wanderer began the quest for the Orb.
     0 | D:1      | FishyPogo set off with the following items: a +2
                  | quarterstaff, 2 scrolls of teleportation, a +0 robe, a +0
                  | dagger, a ration
     0 | D:1      | Reached XP level 1. HP: 26/26 MP: 1/1
   100 | D:1      | Reached XP level 2. HP: 33/33 MP: 2/2
   308 | D:1      | Reached XP level 3. HP: 33/38 MP: 3/3
   467 | D:2      | Found a sacrificial altar of Ru.
   469 | D:2      | Found an opulent altar of Gozag.
   703 | D:2      | Became a worshipper of Ru the Awakened
   710 | D:2      | Slain by a gnoll

Levels and vault maps discovered:
D:1:      minmay_arrival_checkered_box, layout_rooms, nrook_mini_vaults
D:2:      layout_rooms, chequers_temple_overflow_statue_of_worship,
          serial_glass, glass_columns_c, glass_columns_a, glass_columns_c,
          uniq_natasha

Action                   || total
-------------------------++-------
Melee: Quarterstaff      ||    54
       Bite              ||     2
 Stab: Sleeping          ||     5
Armor: Robe              ||    10
Dodge: Dodged            ||    64
